 Dungeon Crawl Stone Soup version 0.31-a0-437-g7cee417757 (webtiles) character file.

Game seed: 11749372013839034606

3 Ethylacetat the Insei (level 1, 0/11 HPs)
             Began as a Vine Stalker Monk on Aug 2, 2023.
             Succumbed to a kobold's poison
             ... on level 1 of the Dungeon.
             The game lasted 00:00:12 (240 turns).

Ethylacetat the Insei (Vine Stalker Monk)            Turns: 240, Time: 00:00:13

Health: 0/11       AC:  2    Str: 13    XL:     1   Next: 50%
Magic:  6/11       EV: 12    Int: 10    God:
Gold:   25         SH:  0    Dex: 16    Spells: 0/0 levels left

rFire   . .          .
                       - Unarmed
rCold   . . .        c - orb {light}
rNeg    . . .        a - +0 robe
rPois   .            (no helmet)
rElec   .            (no cloak)
rCorr   .            (no gloves)
SInv    .            (no boots)
Will    .....        (no amulet)
Stlth   +            e - ring of magical power
HPRegen 0.21/turn    (no ring)
MPRegen 0.12/turn

%: guardian spirit
@: lethally poisoned (0 -> -11), glowing
A: fangs 2, magic shield, antimagic bite, no potion heal 2
a: no special abilities


You were on level 1 of the Dungeon.
You visited 1 branch of the dungeon, and saw 1 of its levels.

You collected 25 gold pieces.

Inventory:

Missiles
 d - 2 throwing nets
Armour
 a - a +0 robe (worn)
 c - an orb of light (worn)
Jewellery
 e - a ring of magical power (left hand)
Potions
 b - a potion of ambrosia


   Skills:
 + Level 2.7 Fighting
 + Level 2.5 Dodging
 + Level 3.0 Unarmed Combat


You couldn't memorise any spells.
You didn't know any spells.
Your spell library was empty.

Dungeon Overview and Level Annotations

Branches:
Dungeon (1/15)

Altars:


Innate Abilities, Weirdness & Mutations

You have extremely sharp teeth.
When hurt, damage is shared between your health and your magic reserves.
Your bite disrupts and absorbs the magic of your enemies.
Potions cannot restore your health.


Message History

No target in view!
Things that are here:
a +0 club; 5 stones; a kobold corpse You open the door.
There is an open door here.
You open the door.
There is a staircase leading out of the dungeon here.
Found an escape hatch in the floor.
No target in view!
You open the door.
There is an open door here.
Found a stone staircase leading down.
No target in view!
You now have 25 gold pieces (gained 15).
A kobold comes into view. It is wielding a +2 dagger of venom.
Found a stone staircase leading down.
The kobold shouts!
The kobold hits you with a +2 dagger of venom.
You are lethally poisoned!
There is a lethal amount of poison in your body!
There is a lethal amount of poison in your body!
You barely miss the kobold.
You feel very sick. The kobold closely misses you.
You hit the kobold.
The kobold is severely wounded.
You feel sick.
The kobold hits you with a +2 dagger of venom.
You are too injured to fight recklessly!
You are too injured to fight recklessly!
You are too injured to fight recklessly!
You barely miss the kobold. Your bite misses the kobold.
The kobold is severely wounded.
* * * LOW HITPOINT WARNING * * *
You feel sick.
The kobold hits you with a +2 dagger of venom.
You are more poisoned.
You hit the kobold.
You kill the kobold!
You die...

### ..# ## ##
..######### .# #.#
..>.......#### .....
#.....#......# .#.#
#.###..##.##.# ..>
#.# ##..#.##.#
##)#.#.## ..#
##...##.###@.......
..#
###.......#.#.#.#.
..#######.##..####..
..........###..#
....
.#############.#
#### .# #......#...
.# #......####. .#
####......# . ##
#.........#


There were no monsters in sight!

Vanquished Creatures
  An endoplasm (D:1)
  2 kobolds (D:1)
  A rat (D:1)
4 creatures vanquished.

Notes
Turn   | Place    | Note
-------+----------+-------------------------------------------
     0 | D:1      | Ethylacetat the Vine Stalker Monk began the quest for the
                  | Orb.
     0 | D:1      | Reached XP level 1. HP: 11/11 MP: 2/2
   240 | D:1      | Succumbed to a kobold's poison

Illustrated notes

Levels and vault maps discovered:
D:1:      dpeg_arrival_long_road, layout_basic, hangedman_decor_points,
          st_stairs_8

Action                     || total
---------------------------++-------
  Melee: Unarmed           ||     8
         Bite              ||     2
 Armour: Robe              ||     2
  Dodge: Dodged            ||     4

Table legend: (Time is in decaauts)
 A = Elapsed time spent in this place.
 B = Non-inter-level travel time spent in this place.
 C = Inter-level travel time spent in this place.
 D = Time resting spent in this place.
 E = Time spent auto-exploring this place.
 F = Levels seen in this place.
 G = Mean time per level.
                   A        B        C        D        E       F      G
               +--------+--------+--------+--------+--------+-----+--------+
         Total |    239 |    239 |      0 |      0 |    215 |   1 |  239.0 |
       Dungeon |    239 |    239 |      0 |      0 |    215 |   1 |  239.0 |
               +--------+--------+--------+--------+--------+-----+--------+

Top non-repeatable levels by time:
     D:1: 239 daAuts
